 Dungeon Crawl Stone Soup version 0.31.0-32-g396128a36d (webtiles) character file.

Game seed: 10542343624431821922

217 Fairytaker the Shield-Bearer (level 5, -6/33 HPs)
             Began as a Gargoyle Fighter on Apr 19, 2024.
             Was an Initiate of Okawaru.
             Mangled by an orc priest
             ... wielding a +0 morningstar
              (8 damage)
             ... on level 4 of the Dungeon.
             The game lasted 00:05:27 (2466 turns).

Fairytaker the Shield-Bearer (Gargoyle Fighter)     Turns: 2466, Time: 00:05:28

Health: -6/33      AC: 12    Str: 22    XL:     5   Next: 94%
Magic:  5/5        EV:  9    Int:  8    God:    Okawaru [......]
Gold:   53         SH:  4    Dex:  9    Spells: 4/4 levels left

rFire   . . .        a - +0 war axe
rCold   . . .        c - +0 buckler
rNeg    + . .        b - +0 scale mail
rPois   ∞            (no helmet)
rElec   +            r - +0 cloak
rCorr   .            (no gloves)
SInv    .            (no boots)
Will    .....        (no amulet) Stlth
                     (no ring)
HPRegen 0.25/turn    (no ring)
MPRegen 0.09/turn

%: no passive effects
@: no status effects
A: sickness immunity, AC +4, negative energy resistance 1, electricity
resistance, torment resistance 1, petrification resistance
a: Renounce Religion


You were on level 4 of the Dungeon.
You worshipped Okawaru.
Okawaru was noncommittal.
You visited 1 branch of the dungeon, and saw 4 of its levels.

You collected 148 gold pieces.
You spent 95 gold pieces at shops.

Inventory:

Hand Weapons
 a - a +0 war axe (weapon)
Missiles
 o - 6 poisoned darts (quivered)
 v - 5 boomerangs
Armour
 b - a +0 scale mail (worn)
 c - a +0 buckler (worn)
 r - a +0 cloak (worn)
Wands
 y - a wand of iceblast (8)
 A - a wand of mindburst (3)
Scrolls
 e - 2 scrolls of amnesia {unknown}
 f - 4 scrolls of identify
 g - 3 scrolls of silence {unknown}
 h - 3 scrolls of teleportation {unknown}
 i - a scroll of poison {unknown}
 j - a scroll of brand weapon {unknown}
 k - a scroll of revelation {unknown}
 n - 2 scrolls of vulnerability {unknown}
 p - 2 scrolls of enchant armour {unknown}
 t - a scroll of blinking {unknown}
 u - a scroll of fear {unknown}
 w - a scroll of summoning {unknown}
 x - a scroll of noise {unknown}
 z - 2 scrolls of immolation {unknown}
Potions
 d - 2 potions of might
 l - a potion of curing {unknown}
 m - a potion of cancellation {unknown}
 q - a potion of attraction {unknown}
 s - a potion of berserk rage {unknown}


   Skills:
 + Level 4.2 Fighting
 * Level 3.6 Axes
 + Level 4.2 Armour
 + Level 4.3 Shields


You had 4 spell levels left.
You didn't know any spells.
Your spell library contained the following spells:

 Spells                   Type           Power      Damage    Failure   Level
 Sting                    Conj/Alch      0%         1d3       80%         1
 Mercury Vapours          Alch/Air       0%         N/A       90%         2
 Olgreb's Toxic Radiance  Alch           0%         N/A       100%        4


Dungeon Overview and Level Annotations

Branches:
Dungeon (4/15)
 Temple: D:4-7

Altars:
Nemelex Xobeh
Okawaru
Qazlal

Shops:
D:1 *   D:3 ?

Annotations:
D:3 3 runed translucent doors, diceflayer's ghost, amateur DsFi


Innate Abilities, Weirdness & Mutations

You are immune to sickness and miasma.
Your stone body is resilient. (AC +4)
You are immune to poison.
You resist negative energy. (rN+)
You are resistant to electric shocks. (rElec)
You are resistant to unholy torment.
You are immune to petrification.


Message History

The orc priest casts a cantrip, but nothing happens.
The orc wizard hits you but does no damage.
You hit the orc priest but do no damage.
You closely miss the orc wizard.
The orc priest hits you but does no damage.
The orc wizard hits you but does no damage.
You hit the orc priest.
The orc priest is moderately wounded.
You closely miss the orc wizard. You block the orc priest's attack.
The orc wizard hits you but does no damage.
The orc wizard hits you with a +0 short sword.
The orc priest hits you but does no damage.
Unknown command.
You closely miss the orc priest.
The orc priest is moderately wounded.
You closely miss the orc wizard. The orc priest barely misses you.
The orc wizard hits you with a +0 short sword.
You slash the orc priest!
The orc priest is almost dead.
You hit the orc wizard.
The orc priest hits you with a +0 morningstar.
You block the orc wizard's attack.
The orc priest hits you but does no damage.
The orc wizard hits you with a +0 short sword.
You closely miss the orc priest.
The orc priest is almost dead.
You hit the orc wizard.
You kill the orc wizard!
Okawaru accepts your kill. You block the orc priest's attack.
You barely miss the orc priest.
The orc priest is almost dead.
The orc priest calls down the wrath of Beogh upon you.
Beogh smites you!
* * * LOW HITPOINT WARNING * * *
Unknown command.
You completely miss the orc priest.
The orc priest is almost dead.
The orc priest hits you with a +0 morningstar!
You die...

..................
##........#######.
#.........#....#.
##...............
#..####.......#
... #).#.#### #.
#..#.# #).# # #@o#
#).# ..... #######


You could see an orc priest.

Vanquished Creatures
  An orc priest (D:4)
  Crazy Yiuf (D:2)
  3 orc wizards
  2 adders
  2 dart slugs
  5 orcs (D:3)
  5 ball pythons
  4 endoplasms
  5 giant cockroaches
  3 goblins
  6 hobgoblins
  3 jackals (D:2)
  4 quokkas
  7 bats
  2 frilled lizards
  3 kobolds
  6 rats
62 creatures vanquished.

Notes
Turn   | Place    | Note
-------+----------+-------------------------------------------
     0 | D:1      | Fairytaker the Gargoyle Fighter began the quest for the
                  | Orb.
     0 | D:1      | Reached XP level 1. HP: 14/14 MP: 1/1
   213 | D:1      | Reached XP level 2. HP: 18/19 MP: 2/2
   370 | D:1      | Found Lasem's Assorted Antiques.
   384 | D:1      | Bought a clear potion for 22 gold pieces
   616 | D:2      | Found a sparkling altar of Nemelex Xobeh.
   655 | D:2      | Reached XP level 3. HP: 23/23 MP: 3/3
   684 | D:2      | Found a faded altar of an unknown god.
   823 | D:2      | Found a runed translucent door.
  1366 | D:2      | Noticed Crazy Yiuf
  1371 | D:2      | Killed Crazy Yiuf
  1372 | D:2      | Reached XP level 4. HP: 23/29 MP: 4/4
  1502 | D:1      | Bought a glowing purple potion for 22 gold pieces
  1502 | D:1      | Bought a scroll labelled MAEREJIOTH for 25 gold pieces
  1583 | D:3      | Found Qeloxeat's Magic Scroll Boutique.
  1591 | D:3      | Bought a scroll of identify for 26 gold pieces
  1918 | D:3      | Found a runed translucent gate.
  1918 | D:3      | Found a runed translucent gate.
  1920 | D:3      | Noticed diceflayer's ghost (amateur DsFi)
  1923 | D:3      | Found a runed translucent gate.
  1924 | D:3      | Noticed a kobold brigand
  1993 | D:3      | Found a stormy altar of Qazlal.
  2033 | D:3      | Reached XP level 5. HP: 32/33 MP: 5/5
  2379 | D:4      | Found an iron altar of Okawaru.
  2379 | D:4      | Found a sparkling altar of Nemelex Xobeh.
  2385 | D:4      | Became a worshipper of Warmaster Okawaru
  2465 | D:4      | HP: 1/33 [orc priest/divine providence (14)]
  2466 | D:4      | Mangled by an orc priest

Illustrated notes

Levels and vault maps discovered:
D:1:      lemuel_arrival_funnel, layout_loops_ring, serial_shops,
          nicolae_shop_statue_plus, serial_bayou_pond_e
D:2:      layout_loops_ring, basic_altar,
          shapermc_ecumenical_altar_totnotflames, uniq_crazy_yiuf_cottage
D:3:      layout_loops_cross, mainiacjoe_overflow_catwalk, serial_shops, shop,
          gammafunk_ghost_nasty_kobolds
D:4:      layout_basic, nicolae_overflow_two_pavilions

Skill      XL: |  1  2  3  4 |
---------------+-------------+-----
Axes           | 2 3 |  3.6
Shields        | 4 |  4.3
Fighting       | 4 |  4.2
Armour         | 4 |  4.2

Action                     |  1- 3 |  4- 6 || total
---------------------------+-------+-------++-------
  Melee: War axe           |   100 |    72 ||   172
 Armour: Scale mail        |    81 |    72 ||   153
  Dodge: Dodged            |    58 |    26 ||    84
  Block: Buckler           |    22 |    24 ||    46
